 Dungeon Crawl Stone Soup version 0.17-a0-1647-gb11a595 (webtiles) character file.

2226 Gargoyl the Ducker (level 9, -7/69 HPs)
             Began as a Demonspawn Abyssal Knight on Aug 12, 2015.
             Was a Priest of Lugonu.
             Mangled by an orc warrior
             ... wielding a +0 halberd
              (20 damage)
             ... on level 6 of the Dungeon.
             The game lasted 00:10:28 (4699 turns).

Gargoyl the Ducker (Demonspawn Abyssal Knight)      Turns: 4699, Time: 00:10:29

Health: -7/69      AC: 10    Str: 16      XL:     9   Next: 14%
Magic:  11/12      EV: 12    Int: 13 (14) God:    Lugonu [***...]
Gold:   224        SH:  0    Dex: 11 (12) Spells: 0 memorised, 8 levels left

rFire  + + .     SeeInvis .     a - +1 hand axe
rCold  . . .     Clarity  .     v - +0 scale mail
rNeg   + . .     SustAt   .     (no shield)
rPois  .         Gourm    .     (helmet unavailable)
rElec  .         Spirit   .     (no cloak)
rCorr  .         Warding  .     (no gloves)
rMut   .         Stasis   .     k - +0 pair of boots
MR     .....                    (no amulet)
Stlth  ..........               (no ring)
                                p - ring of positive energy

@: not resistant to hostile enchantments, extremely unstealthy
A: fangs 1, horns 3, molten scales 1, deterioration 1, fire resistance 2, shaggy
fur 1, spiny 2
a: Depart the Abyss, Bend Space, Banish, Renounce Religion


You were on level 6 of the Dungeon.
You worshipped Lugonu.
Lugonu was most pleased with you.
You were not hungry.

You visited 1 branch of the dungeon, and saw 6 of its levels.
You visited the Abyss 1 time.

You collected 224 gold pieces.

Inventory:

Hand weapons
 a - a +1 hand axe (weapon)
 y - a +0 flail
Armour
 b - a +0 leather armour
 k - a +0 pair of boots (worn)
 v - a +0 scale mail (worn)
Jewellery
 p - a ring of positive energy (left hand)
Magical devices
 q - a wand of lightning (11)
Scrolls
 f - 5 scrolls of identify
 i - a scroll of recharging
 j - 2 scrolls of amnesia {unknown}
 l - a scroll of magic mapping
 o - a scroll of random uselessness {unknown}
 r - 3 scrolls of teleportation {unknown}
 s - 4 scrolls of remove curse
 t - a scroll of noise {unknown}
 x - 3 scrolls of blinking {unknown}
Potions
 d - a potion of haste {unknown}
 e - 2 potions of flight
 g - 4 potions of agility
 h - 2 potions of brilliance
 m - a potion of curing
 n - a potion of magic {unknown}
Books
 w - an Akashic Record

   Spells                             Type                      Level
   a - Dispersal                      Translocation                6
   b - Controlled Blink               Translocation                7
   c - Malign Gateway                 Summoning/Translocation      7
   d - Disjunction                    Translocation                8
Comestibles
 c - 3 bread rations
 u - a slice of pizza
 z - 2 meat rations


   Skills:
 + Level 6.0 Fighting
 + Level 4.9 Axes
 + Level 5.5 Armour
 + Level 6.4 Dodging
 + Level 1.3 Stealth
 + Level 4.2 Invocations


You had 8 spell levels left.
You didn't know any spells.

Dungeon Overview and Level Annotations

Branches:
Dungeon (6/15)             Temple (0/1) D:4

Altars:
Ashenzari
Ru
Sif Muna
Zin
The Shining One


Innate Abilities, Weirdness & Mutations

You have a pair of large horns on your head.
You are partially covered in molten scales (AC +1).
You are mostly covered in sharp spines.
You have very sharp teeth.
Your body sometimes deteriorates upon taking damage.
Your flesh is very heat resistant.
You are covered in fur (AC +1).


Message History

You barely miss the orc priest. You barely miss the orc warrior.
The orc warrior is moderately wounded.
The orc warrior is struck by your spines.
The orc warrior completely misses you.
The orc priest hits you but does no damage.
You hit the orc priest. You headbutt the orc priest!
The orc priest is almost dead.
You hit the orc warrior but do no damage.
The orc warrior is heavily wounded.
The orc warrior hits you with a halberd.
* * * LOW HITPOINT WARNING * * *
The orc priest barely misses you.
You hit the orc priest. You headbutt the orc priest.
You kill the orc priest!
Lugonu accepts your kill.
You hit the orc warrior but do no damage.
The orc warrior is heavily wounded.
The orc warrior is struck by your spines.
The orc warrior hits you with a halberd!!
You die...

#..# #.# #..# #o#
#..# #§# #..# #o#
#..# #.### #..#
#"o.# #..# ###.#
#†.### #)# #†...#
#@# #.##.# #o#
#.##.# #.#
########.##.# #.#
.........##.# #.#
.##########.# #.#
## #######.# #.#
#####.......####.#
.................#


You could see an orc warrior and an orc.

Vanquished Creatures
  Pikel (D:4)
  Grinder (D:4)
  Prince Ribbit (D:5)
  Sigmund (D:3)
  2 ogres
  An orc warrior (D:4)
  A phantom (D:6)
  4 slaves (D:4)
  A centaur (D:5)
  A scorpion (D:5)
  3 hounds
  A giant frog zombie (D:5)
  2 orc priests
  4 crimson imps (D:5)
  An orc wizard (D:4)
  4 worker ants
  An iguana (D:6)
  A hound zombie (D:5)
  11 adders
  4 gnolls
  An adder zombie (D:5)
  2 adder skeletons
  3 worms
  3 orcs
  4 giant cockroaches
  12 hobgoblins
  15 jackals
  5 kobolds
  2 ball pythons
  5 bats
  4 giant geckos
  A giant newt (D:1)
  12 goblins
  2 quokkas
  10 rats
127 creatures vanquished.

Notes
Turn   | Place    | Note
--------------------------------------------------------------
     0 | Abyss:1  | Gargoyl the Demonspawn Abyssal Knight began the quest for the Orb.
     0 | Abyss:1  | Reached XP level 1. HP: 18/18 MP: 2/2
    69 | Abyss:1  | Noticed a small abomination
    74 | Abyss:1  | Noticed a small abomination
    83 | D:1      | Escaped the Abyss
   503 | D:1      | Acquired Lugonu's first power
   503 | D:1      | Reached skill level 1 in Dodging
   540 | D:1      | Gained mutation: You are partially covered in sharp spines. [demonic ancestry]
   540 | D:1      | Reached XP level 2. HP: 22/24 MP: 3/3
   785 | D:1      | Gained mutation: You are mostly covered in sharp spines. [demonic ancestry]
   785 | D:1      | Reached XP level 3. HP: 27/29 MP: 5/5
  1095 | D:2      | Acquired Lugonu's second power
  1211 | D:2      | Found a glowing golden altar of the Shining One.
  1247 | D:2      | Gained mutation: You are partially covered in molten scales (AC +1). [demonic ancestry]
  1247 | D:2      | Reached XP level 4. HP: 35/37 MP: 6/6
  1417 | D:2      | Reached skill level 4 in Fighting
  1419 | D:2      | Reached XP level 5. HP: 40/42 MP: 7/7
  1685 | D:3      | Noticed Sigmund
  1727 | D:3      | Killed Sigmund
  1727 | D:3      | Gained mutation: You have a pair of small horns on your head. [demonic ancestry]
  1727 | D:3      | Reached XP level 6. HP: 9/49 MP: 7/9
  2116 | D:3      | Found a shattered altar of Ashenzari.
  2443 | D:4      | Gained mutation: You have a pair of horns on your head. [demonic ancestry]
  2443 | D:4      | Reached XP level 7. HP: 25/55 MP: 10/10
  2652 | D:4      | Noticed Pikel
  2720 | D:4      | Killed Pikel
  2720 | D:4      | Reached skill level 5 in Fighting
  2720 | D:4      | Reached skill level 1 in Stealth
  2988 | D:4      | Reached XP level 8. HP: 62/62 MP: 11/11
  3004 | D:4      | Acquired Lugonu's third power
  3004 | D:4      | Reached skill level 5 in Dodging
  3278 | D:4      | Noticed Grinder
  3298 | D:4      | Killed Grinder
  3309 | D:4      | Gained mutation: You are covered in fur (AC +1). [potion of mutation]
  3309 | D:4      | Gained mutation: Your flesh is heat resistant. [potion of mutation]
  3309 | D:4      | Gained mutation: Your body sometimes deteriorates upon taking damage. [potion of mutation]
  3388 | D:4      | Gained mutation: You have a pair of large horns on your head. [potion of mutation]
  3388 | D:4      | Gained mutation: You have very sharp teeth. [potion of mutation]
  3388 | D:4      | Gained mutation: Your flesh is very heat resistant. [potion of mutation]
  3525 | D:4      | Found a staircase to the Ecumenical Temple.
  3671 | D:5      | Entered Level 5 of the Dungeon
  3754 | D:5      | Noticed Prince Ribbit
  3769 | D:5      | Killed Prince Ribbit
  3876 | D:5      | Reached skill level 6 in Dodging
  3919 | D:5      | Reached skill level 5 in Armour
  4247 | D:5      | Reached XP level 9. HP: 69/69 MP: 12/12
  4467 | D:5      | Found a glowing silver altar of Zin.
  4467 | D:5      | Found a sacrificial altar of Ru.
  4563 | D:5      | Found a deep blue altar of Sif Muna.
  4687 | D:6      | HP: 3/69 [orc warrior/halberd (8)]
  4699 | D:6      | Mangled by an orc warrior

Vault maps used:
D:1:      onia_arrival_pyramid, minmay_misc_feat_enclosed
D:2:      tso_metal_star, cheibrodos_gnoll_hut
D:3:      ashenzari_conservatory_becter, st_stairs_5, uniq_sigmund
D:4:      temple_pool_b, first_bread, uniq_pikel, uniq_grinder
D:5:      lemuel_blue_sif_altar, gammafunk_temple_overflow_elements,
          minmay_misc_feat_doors, uniq_prince_ribbit1
D:6:      nemelex_dance_club_becter, uniq_duvessa

Action                   |  1- 3 |  4- 6 |  7- 9 || total
-------------------------+-------+-------+-------++-------
Melee: Hand axe          |    66 |    48 |   113 ||   227
Invok: Depart the Abyss  |     1 |       |       ||     1
       Bend Space        |       |       |     2 ||     2
  Use: Scroll            |       |     3 |       ||     3
       Potion            |       |     1 |    12 ||    13
  Eat: Royal jelly       |     1 |     1 |       ||     2
       Bread ration      |       |     1 |     1 ||     2
       Chunk             |       |       |     2 ||     2
